 Dungeon Crawl Stone Soup version 0.29-a0-352-g0917bc69df (webtiles) character file.

Game seed: 16152453539121661620

1402 sammy202020 the Skirmisher (level 8, -3/64 HPs)
             Began as a Demonspawn Berserker on Apr 25, 2022.
             Was a Priest of Trog.
             Killed from afar by an electric eel (7 damage)
             ... with a bolt of electricity
             ... on level 6 of the Dungeon.
             The game lasted 00:10:05 (7245 turns).

sammy202020 the Skirmisher (Demonspawn Berserker)   Turns: 7245, Time: 00:10:06

Health: -3/64      AC: 11    Str: 18    XL:     8   Next: 42%
Magic:  8/8        EV:  9    Int: 11    God:    Trog [***...]
Gold:   145        SH:  0    Dex: 12    Spells: 7/7 levels left

rFire   . . .      SeeInvis .   a - +1 hand axe
rCold   . . .      Faith    .   (no shield)
rNeg    . . .      Spirit   .   x - +1 chain mail
rPois   .          Reflect  .   f - +0 hat
rElec   .          Harm     .   (no cloak)
rCorr   .          Rampage  .   (no gloves)
Will    .....                   q - +0 pair of boots
Stlth   ..........              (no amulet)
HPRegen 0.20/turn               (no ring)
MPRegen 0.11/turn               (no ring)

@: studying Armour
A: ignite blood 1, powered by death 2, sturdy frame 1, demonic touch 1
a: Renounce Religion, Berserk, Trog's Hand


You were on level 6 of the Dungeon.
You worshipped Trog.
Trog was most pleased with you.
You visited 1 branch of the dungeon, and saw 6 of its levels.

You collected 314 gold pieces.
You spent 169 gold pieces at shops.

Inventory:

Hand Weapons
 a - a +1 hand axe (weapon)
 z - a +1 flail of protection
Missiles
 l - 2 boomerangs (quivered)
 m - 9 poisoned darts
 n - 2 throwing nets
 w - 5 javelins
Armour
 f - a +0 hat (worn)
 q - a +0 pair of boots (worn)
 x - a +1 chain mail (worn)
Jewellery
 s - a ring of fire
Wands
 v - a wand of charming (6)
Scrolls
 i - a scroll of enchant armour
 k - a scroll of fear
Potions
 b - a potion of mutation {unknown}
 c - 3 potions of ambrosia
 d - 2 potions of haste
 e - 3 potions of attraction
 g - 2 potions of magic
 h - 2 potions of lignification
 j - a potion of flight {unknown}
 o - 2 potions of degeneration {unknown}
 p - a potion of heal wounds {unknown}
 r - 3 potions of curing {unknown}
 t - a potion of berserk rage {unknown}
 u - 3 potions of might {unknown}


   Skills:
 * Level 6.0 Fighting
 * Level 5.5 Axes
 + Level 3.7 Armour
 + Level 3.6 Dodging
 * Level 4.4 Unarmed Combat


You had 7 spell levels left.
You didn't know any spells.
Your spell library was empty.

Dungeon Overview and Level Annotations

Branches:
Dungeon (6/15)             Temple (0/1) D:6

Altars:
Zin

Shops:
D:2 (   D:5 *

Annotations:
D:4 Natasha


Innate Abilities, Weirdness & Mutations

Your demonic aura sometimes causes spilled blood to erupt in flames.
You regenerate health from kills.
Your movements are slightly less encumbered by armour. (ER -2)
Your touch may inflict minor irresistible damage on your foes.


Message History

You are too injured to fight recklessly!
You are too injured to fight recklessly!
You are too injured to fight recklessly!
You are too injured to fight recklessly!
You are too injured to fight recklessly!
You are too injured to fight recklessly!
You are too injured to fight recklessly!
You are too injured to fight recklessly!
You are too injured to fight recklessly!
You are too injured to fight recklessly!
You are too injured to fight recklessly!
You are too injured to fight recklessly!
You are too injured to fight recklessly!
You are too injured to fight recklessly!
You are too injured to fight recklessly!
You are too injured to fight recklessly!
You are too injured to fight recklessly!
Unknown command.
You are too injured to fight recklessly!
The electric eel shoots out a bolt of lightning at you!
The bolt of electricity hits you!
You completely miss the electric eel. You closely miss the electric eel.
You punch the electric eel.
The electric eel is lightly wounded.
You miss the electric eel.
The electric eel is lightly wounded.
The electric eel shoots out a bolt of lightning at you!
The bolt of electricity hits you!
* * * LOW HITPOINT WARNING * * *
You closely miss the electric eel. Your touch misses the electric eel.
You punch the electric eel.
The electric eel is moderately wounded.
The electric eel shoots out a bolt of lightning at you!
The bolt of electricity hits you!
* * * LOW HITPOINT WARNING * * *
You hit the electric eel.
The electric eel is heavily wounded.
The electric eel shoots out a bolt of lightning at you!
The bolt of electricity hits you!
You die...

#............ ...........P.P...
#.....#...... ........P...P....
.............. ......P.P........
..........#..♣♣♣♣♣♣...P..♣..P♣...
..........#...........P..........
.#..≈≈≈.♣....P..........
....≈8≈.P....♣..........
.#..≈≈S..P....P...P♣♣♣..
#....≈≈≈@..........P.♣♣..
.....≈≈≈...........P.♣♣..
..#....≈≈≈....⌠....†.♣♣P...
..#....≈≈≈...........♣♣.♣..
#......≈≈≈.PP...PP....P♣P..
#......≈⌠≈..PPP.P......♣♣..
.......≈≈≈...P..P.....P♣♣..
...........................
...........................


You could see an electric eel.

Vanquished Creatures
  A water moccasin (D:6)
  Duvessa (D:5)
  An orc warrior (D:6)
  An ice beast (D:6)
  A centaur (D:6)
  2 bullfrogs
  A scorpion (D:6)
  Dowan (D:5)
  A howler monkey (D:4)
  4 hounds
  An orc priest (D:6)
  2 jellies (D:5)
  2 gnoll shamans (D:6)
  2 iguanas (D:6)
  3 orc wizards (D:6)
  Natasha (D:4)
  7 adders
  8 gnolls (D:6)
  A dart slug (D:3)
  10 orcs
  5 ball pythons
  5 endoplasms
  8 giant cockroaches
  5 goblins
  6 hobgoblins
  3 jackals (D:4)
  3 quokkas
  10 bats
  5 frilled lizards
  6 kobolds
  5 rats
112 creatures vanquished.

Vanquished Creatures (others)
  A fungus (D:6)
1 creature vanquished.

Grand Total: 113 creatures vanquished

Notes
Turn   | Place    | Note
-------+----------+-------------------------------------------
     0 | D:1      | sammy202020 the Demonspawn Berserker began the quest for
                  | the Orb.
     0 | D:1      | Reached XP level 1. HP: 18/18 MP: 1/1
   309 | D:1      | Gained mutation: Your touch may inflict minor irresistible
                  | damage on your foes. [demonic ancestry]
   309 | D:1      | Reached XP level 2. HP: 24/24 MP: 2/2
  1257 | D:2      | Found a faded altar of an unknown god.
  1381 | D:2      | Found Ituhohib's Antique Weapon Emporium.
  1496 | D:2      | Reached XP level 3. HP: 27/29 MP: 3/3
  1815 | D:2      | Reached ** piety under Trog
  2127 | D:3      | Reached skill level 1 in Unarmed Combat
  2286 | D:3      | Gained mutation: You regenerate a little health from kills.
                  | [demonic ancestry]
  2286 | D:3      | Reached XP level 4. HP: 21/36 MP: 4/4
  3251 | D:4      | Gained mutation: Your movements are slightly less
                  | encumbered by armour. (ER -2) [demonic ancestry]
  3251 | D:4      | Reached XP level 5. HP: 21/42 MP: 5/5
  3362 | D:4      | Reached skill level 4 in Fighting
  3950 | D:4      | Noticed Natasha
  3967 | D:4      | Reached *** piety under Trog
  3968 | D:4      | Reached XP level 6. HP: 42/48 MP: 6/6
  3972 | D:4      | Killed Natasha
  4340 | D:5      | Entered Level 5 of the Dungeon
  4358 | D:5      | Found Zin's Purification Station.
  4398 | D:5      | Noticed a vampire
  4399 | D:5      | Noticed a troll
  4582 | D:5      | Noticed Duvessa
  4582 | D:5      | Noticed Dowan
  4600 | D:5      | Killed Duvessa
  4601 | D:5      | Gained mutation: You regenerate health from kills. [demonic
                  | ancestry]
  4601 | D:5      | Reached XP level 7. HP: 15/55 MP: 7/7
  4605 | D:5      | Killed Dowan
  5163 | D:6      | Found a staircase to the Ecumenical Temple.
  5191 | D:6      | Reached skill level 5 in Fighting
  5530 | D:2      | Bought a glowing flail for 169 gold pieces
  5607 | D:4      | Noticed Natasha
  5969 | D:6      | Reached skill level 5 in Axes
  5969 | D:6      | Gained mutation: Your demonic aura sometimes causes spilled
                  | blood to erupt in flames. [demonic ancestry]
  5969 | D:6      | Reached XP level 8. HP: 44/63 MP: 8/8
  6768 | D:6      | Reached skill level 6 in Fighting
  7245 | D:6      | Killed from afar by an electric eel

Illustrated notes

Levels and vault maps discovered:
D:1:      nzn_arrival_depleted_hourglass, layout_basic, hangedman_glass_teeth,
          minmay_worlds_worst_comb
D:2:      layout_loops_corners, basic_ecumenical_altar, serial_shops, shop,
          hangedman_decor_points
D:3:      layout_loops_ring
D:4:      layout_gridville, nicolae_ossuary_entry_plus, minmay_vboxes,
          uniq_natasha
D:5:      layout_rooms, zin_purify, lightli_corner_chamber, uniq_duvessa
D:6:      layout_cave_pools, minmay_temple_entry_trees, serial_park,
          serial_park_paths [serial_park_minivault_5x5_6],
          serial_park_tiny_pond, serial_park_square1
          [serial_park_minivault_5x5_1], serial_park_tiny_1, minmay_manual_moon

Skill      XL: |  1  2  3  4  5  6  7  8 |
---------------+-------------------------+-----
Axes           | 3 4 5 |  5.5
Dodging        | 2 3 |  3.6
Armour         | 2 3 |  3.7
Unarmed Combat | 1 2 3 4 |  4.4
Fighting       | 4 5 6 |  6.0

Action                   |  1- 3 |  4- 6 |  7- 9 || total
-------------------------+-------+-------+-------++-------
Melee: Hand axe          |    97 |   162 |   106 ||   365
       Touch             |    15 |    28 |    21 ||    64
       Punch             |     2 |     4 |     6 ||    12
Invok: Berserk           |       |     1 |     3 ||     4
       Trog's Hand       |       |       |     2 ||     2
  Use: Scroll            |       |     6 |     9 ||    15
 Stab: Sleeping          |     1 |       |       ||     1
Armor: Animal skin       |     8 |       |       ||     8
       Ring mail         |    21 |    45 |       ||    66
       Chain mail        |       |    17 |    81 ||    98
Dodge: Dodged            |    58 |   125 |    86 ||   269

Table legend: (Time is in decaauts)
 A = Elapsed time spent in this place.
 B = Non-inter-level travel time spent in this place.
 C = Inter-level travel time spent in this place.
 D = Time resting spent in this place.
 E = Time spent auto-exploring this place.
 F = Levels seen in this place.
 G = Mean time per level.
                   A        B        C        D        E       F      G
               +--------+--------+--------+--------+--------+-----+--------+
         Total |   7323 |   6996 |    327 |   1622 |   4432 |   6 | 1220.5 |
       Dungeon |   7323 |   6996 |    327 |   1622 |   4432 |   6 | 1220.5 |
               +--------+--------+--------+--------+--------+-----+--------+

Top non-repeatable levels by time:
     D:6: 1976 daAuts
     D:4: 1369 daAuts
     D:1: 1256 daAuts
     D:3: 990 daAuts
     D:2: 931 daAuts
     D:5: 800 daAuts
